Map: Ice and Chrome LE

Players

maomao - Winner!

  • Race: Zerg Zerg
  • League: Gold
  • Spawn Location: 7:00

A.I. 1 (Harder)

  • Race: Protoss Protoss
  • Spawn Location: 1:00

VOD

Have the link to the VOD?

Description

Time

  • Played on: June 12, 2020, 1:33 p.m.
  • Length: 9:05
Show
View Real Time Build Order
Export as new Build Order

maomao Zerg - Winner!

Build Orders: Hatch First, Roach Hydra 

Get SALT Encoding   

  12  0:01  Drone  
  13  0:12  Overlord  
  13  0:16  Drone  
  14  0:32  Drone  
  14  0:33  Drone  
  16  0:51  Hatchery  
  16  0:53  Drone  
  16  0:56  Drone  
  17  1:00  Drone  
  18  1:12  Extractor  
  18  1:16  Spawning Pool  
  16  1:19  Drone  
  16  1:22  Drone  
  18  1:28  Drone  
  19  1:41  Drone  
  20  1:50  Overlord  
  20  2:02  Queen  
  20  2:03  Queen  
  20  2:04  Zergling x4  
  26  2:16  Metabolic Boost  
  26  2:20  Drone x2  
  28  2:25  Drone x2  
  30  2:36  Overlord, Drone  
  31  2:44  Queen  
  31  2:45  Queen  
  35  2:53  Overlord  
  35  2:55  Drone  
  35  2:57  Drone  
  37  3:01  Drone  
  38  3:08  Drone x2  
  40  3:17  Drone x3  
  40  3:18  Drone x2  
  40  3:19  Drone  
  46  3:25  Extractor  
  45  3:28  Extractor  
  44  3:35  Evolution Chamber  
  44  3:37  Roach Warren  
  44  3:39  Lair  
  42  3:53  Drone x3  
  42  3:54  Drone x4  
  49  3:59  Overlord  
  49  4:03  Overlord  
  49  4:09  Zerg Missile Weapons Level 1  
  49  4:19  Drone x3  
  49  4:20  Drone x2  
  54  4:24  Overlord  
  54  4:26  Overlord  
  54  4:32  Roach  
  54  4:33  Roach  
  54  4:34  Roach  
  54  4:37  Roach  
  62  4:40  Roach  
  62  4:42  Glial Reconstitution  
  64  4:52  Roach x3  
  70  5:01  Hydralisk Den  
  70  5:04  Extractor  
  70  5:06  Drone  
  69  5:07  Drone  
  69  5:09  Roach, Drone  
  69  5:10  Roach x2  
  77  5:22  Overlord  
  77  5:23  Overlord  
  77  5:24  Roach x3  
  83  5:31  Grooved Spines  
  83  5:33  Overlord  
  83  5:42  Hydralisk  
  83  5:43  Hydralisk x2  
  83  5:49  Overlord x2  
  89  5:56  Hydralisk  
  89  5:57  Hydralisk x2  
  89  5:58  Roach x2  
  89  6:00  Roach  
  101  6:07  Overlord x2  
  101  6:28  Overlord x2  
  101  6:30  Roach x6  
  113  6:33  Zerg Missile Weapons Level 2  
  113  6:40  Hydralisk  
  113  6:41  Hydralisk  
  113  6:42  Muscular Augments  
  101  7:05  Hydralisk x2  
  101  7:06  Hydralisk  
  101  7:07  Roach x6  
  103  7:34  Overlord x2  
  103  7:35  Roach x2  
  103  7:36  Roach x3  
  117  7:37  Roach x3  
  119  7:52  Hydralisk x2  
  119  7:53  Roach  
  125  8:05  Hydralisk x3  
  125  8:06  Hydralisk, Roach  
  125  8:07  Roach x2  
  125  8:08  Roach  
  141  8:24  Overlord  
  141  8:25  Overlord  
  141  8:27  Roach x2  
  145  8:37  Hydralisk x3  
  145  8:38  Roach  
Show
View Real Time Build Order
Export as new Build Order

A.I. 1 (Harder) Protoss 

Build Orders: 1 Gate Expand 

Get SALT Encoding   

  12  0:00  Probe  
  13  0:13  Probe  
  14  0:19  Pylon  
  14  0:25  Probe  
  15  0:34  Probe  
  15  0:42  Probe  
  17  0:51  Gateway  
  17  1:08  Probe  
  17  1:10  Nexus  
  18  1:29  Pylon  
  18  1:30  Assimilator  
  18  1:39  Zealot  
  20  1:41  Cybernetics Core  
  20  1:42  Probe  
  21  1:54  Probe  
  22  2:03  Probe  
  22  2:06  Gateway  
  23  2:11  Stalker  
  23  2:12  Assimilator  
  23  2:17  Probe  
  23  2:19  Pylon  
  23  2:22  Warp Gate  
  26  2:34  Probe  
  27  2:40  Adept  
  29  2:47  Probe  
  31  2:51  Probe  
  31  2:53  Stalker  
  33  3:00  Probe  
  33  3:03  Probe  
  35  3:10  Gateway  
  35  3:12  Probe  
  36  3:15  Probe  
  37  3:23  Stalker  
  37  3:24  Probe  
  40  3:36  Stalker  
  42  3:48  Assimilator  
  42  3:51  Assimilator, Sentry  
  44  3:58  Pylon  
  44  4:06  Robotics Facility  
  44  4:17  Probe  
  44  4:20  Probe  
  46  4:25  Probe  
  46  4:29  Stargate  
  47  4:35  Probe  
  48  4:40  Probe  
  48  4:44  Pylon  
  49  4:47  Probe  
  49  4:48  Immortal  
  50  4:53  Probe  
  50  4:59  Probe  
  56  5:00  Forge  
  56  5:06  Probe  
  57  5:11  Probe  
  58  5:14  Void Ray  
  58  5:18  Probe  
  63  5:21  Pylon  
  63  5:22  Probe  
  63  5:28  Zealot  
  66  5:30  Probe x2  
  66  5:31  Protoss Ground Weapons Level 1  
  68  5:39  Probe  
  68  5:41  Zealot  
  68  5:42  Probe  
  71  5:44  Pylon  
  72  5:50  Probe  
  72  5:54  Probe  
  72  5:55  Stalker  
  76  6:04  Pylon  
  76  6:06  Probe  
  76  6:08  Stalker, Probe  
  80  6:16  Twilight Council  
  80  6:18  Probe  
  80  6:21  Probe  
  80  6:22  Stalker  
  80  6:25  Pylon  
  84  6:30  Probe  
  85  6:35  Stalker  
  86  6:48  Pylon  
  86  6:49  Stalker  
  86  6:51  Observer  
  79  7:03  Sentry  
  79  7:06  Void Ray  
  68  7:13  Observer  
  57  7:30  Zealot  
  57  7:35  Probe  
  58  7:44  Zealot  
  58  7:49  Void Ray  
  51  7:58  Zealot  
  51  8:05  Zealot x2  
  45  8:19  Zealot  
  43  8:25  Zealot  
  29  8:35  Probe  
  29  8:39  Zealot  
  29  8:40  Zealot  
Tags
 
Add a new tag
Caveats
  • Supply blocks, unpowered buildings, or Contaminate may cause inaccurate times.
  • Supply counts are checked every 10 seconds.